 Dungeon Crawl Stone Soup version 0.24-a0-537-g2d01d4ab0a (webtiles) character file.

Game seed: 9089142239353374355

4 Chiseanne the Skirmisher (level 1, 0/18 HPs)
             Began as a Mummy Berserker on Aug 13, 2019.
             Was a Follower of Trog.
             Slain by a jackal (2 damage)
             ... on level 1 of the Dungeon.
             The game lasted 00:00:27 (61 turns).

Chiseanne the Skirmisher (Mummy Berserker)            Turns: 61, Time: 00:00:28

Health: 0/18       AC:  2    Str: 20    XL:     1   Next: 58%
Magic:  1/1        EV: 12    Int:  6    God:    Trog [*.....]
Gold:   8          SH:  0    Dex: 11    Spells: 0/0 levels left

rFire    x . .     SeeInvis .   a - +0 hand axe
rCold    + . .     Gourm    .   (no shield)
rNeg     + + +     Faith    .   b - +0 animal skin
rPois    ∞         Spirit   .   (no helmet)
rElec    .         Reflect  .   (no cloak)
rCorr    .         Harm     .   (no gloves)
MR       .....                  (no boots)
Stlth    +.........             (no amulet)
HPRegen  0.06/turn              (no ring)
MPRegen  0.07/turn              (no ring)

@: no status effects
A: no food or potions, fire vulnerability, cold resistance 1, negative energy
resistance 3, torment resistance, unbreathing
a: Renounce Religion


You were on level 1 of the Dungeon.
You worshipped Trog.
Trog was aware of your devotion.
You were not hungry.

You visited 1 branch of the dungeon, and saw 1 of its levels.

You collected 8 gold pieces.

Inventory:

Hand Weapons
 a - a +0 hand axe (weapon)
Missiles
 d - 22 bolts
Armour
 b - a +0 animal skin (worn)
Scrolls
 c - 3 scrolls of remove curse {unknown}


   Skills:
 * Level 3.1 Fighting
 * Level 2.5 Axes
 - Level 1.5 Armour
 * Level 1.7 Dodging


You couldn't memorise any spells.
You didn't know any spells.
Your spell library was empty.

Dungeon Overview and Level Annotations

Branches:
Dungeon (1/15)

Altars:


Innate Abilities, Weirdness & Mutations

You do not eat or drink.
Your flesh is vulnerable to fire.
You are immune to poison.
Your flesh is cold resistant. (rC+)
You are immune to negative energy. (rN+++)
You are immune to unholy pain and torment.
You can survive without breathing.


Message History

The jackal bites you.
* * * LOW HITPOINT WARNING * * *
The jackal closely misses you.
You slash the jackal!
You kill the jackal!
Trog accepts your kill.
You closely miss the jackal. The bat barely misses you.
The jackal barely misses you. x2; The jackal closely misses you.
You barely miss the jackal.
The jackal is severely wounded.
You closely miss the jackal. You hit the bat.
You kill the bat!
Trog accepts your kill. The jackal bites you.
* * * LOW HITPOINT WARNING * * *
The jackal bites you but does no damage. x2
You hit the jackal but do no damage.
The jackal is severely wounded.
You closely miss the jackal. The jackal bites you.
You die...

##+###.......... ....
#.....#..#.....###...
##......#.#.....##..#.
#.).....#+#.....#..#.#
#.................#...
#............#####....
###.............#.......
#......†h.....#..#....<.
#......@h###..#..#......
#.........##....#.......
#.........##)..#####....
#.........##........#...
#.........##.........#.#
##........%.....##....#.
#........#.....###.....
#....##................
...............


You could see 2 jackals.

Vanquished Creatures
  2 jackals (D:1)
  A bat (D:1)
  A goblin (D:1)
  A rat (D:1)
5 creatures vanquished.

Notes
Turn   | Place    | Note
-------+----------+-------------------------------------------
     0 | D:1      | Chiseanne the Mummy Berserker began the quest for the Orb.
     0 | D:1      | Reached XP level 1. HP: 18/18 MP: 1/1
    61 | D:1      | Slain by a jackal

Levels and vault maps discovered:
D:1:      scummos_arrival_star, layout_basic, minmay_misc_feat_hallway,
          hangedman_abyss_or_decor_lesser_grid, minmay_misc_feat_pillars,
          minmay_cupped

Action                   || total
-------------------------++-------
Melee: Hand axe          ||    15
Armor: Animal skin       ||     5
Dodge: Dodged            ||    17

Table legend:
 A = Non-vault XP
 B = Vault XP
 C = Vault XP percentage of total XP
 D = Non-vault monster count
 E = Vault monster count
 F = Vault count percentage of total count
                 A         B        C        D         E       F
            +---------+---------+-------+---------+---------+-------
      Total |       7 |       0 |   0.0 |       5 |       0 |   0.0
            +---------+---------+-------+---------+---------+-------
        D:1 |       7 |       0 |   0.0 |       5 |       0 |   0.0
            +---------+---------+-------+---------+---------+-------
